 Dungeon Crawl Stone Soup version 0.28.0-43-g3370ac3207 (webtiles) character file.

Game seed: 1463028164430660870

480 Peloso the Slasher (level 6, -9/56 HPs)
             Began as a Minotaur Fighter on Mar 21, 2022.
             Mangled by an ogre
             ... wielding a +0 giant club
              (25 damage)
             ... on level 5 of the Dungeon.
             The game lasted 00:06:07 (4241 turns).

Peloso the Slasher (Minotaur Fighter)               Turns: 4241, Time: 00:06:08

Health: -9/56      AC: 13    Str: 21    XL:     6   Next: 86%
Magic:  5/5        EV:  6    Int:  5    God:
Gold:   169        SH:  5    Dex: 11    Spells: 5/5 levels left

rFire   . . .      SeeInvis .   a - +0 long sword (vamp)
rCold   . . .      Faith    .   c - +0 buckler
rNeg    . . .      Spirit   .   p - +1 plate armour
rPois   .          Reflect  .   (helmet restricted)
rElec   .          Harm     .   (no cloak)
rCorr   .          Rampage  .   (no gloves)
Will    .....                   (no boots)
Stlth   ..........              (no amulet)
HPRegen 0.18/turn               (no ring)
MPRegen 0.09/turn               (no ring)

@: no status effects
A: horns 2, retaliatory headbutt
a: no special abilities


You were on level 5 of the Dungeon.
You visited 1 branch of the dungeon, and saw 5 of its levels.

You collected 169 gold pieces.

Inventory:

Hand Weapons
 a - a +0 vampiric long sword (weapon)
Armour
 b - a +0 scale mail
 c - a +0 buckler (worn)
 p - a +1 plate armour (worn)
Jewellery
 g - a ring of wizardry
 h - a +6 ring of intelligence
Wands
 j - a wand of polymorph (13)
 u - a wand of iceblast (5)
Scrolls
 f - a scroll of acquirement {unknown}
 i - a scroll of blinking {unknown}
 l - a scroll of fear {unknown}
 m - a scroll of magic mapping {unknown}
 n - a scroll of enchant weapon {unknown}
 q - a scroll of immolation
 s - a scroll of noise {unknown}
 t - a scroll of brand weapon
 v - a scroll of fog {unknown}
Potions
 d - a potion of might
 e - 3 potions of heal wounds
 k - 2 potions of curing
 o - 3 potions of haste {unknown}
 r - 3 potions of lignification {unknown}


   Skills:
 + Level 5.2 Fighting
 + Level 5.9 Long Blades
 + Level 5.7 Armour
 + Level 1.1 Dodging
 + Level 0.1 Stealth
 + Level 4.7 Shields


You had 5 spell levels left.
You didn't know any spells.
Your spell library contained the following spells:

 Spells                   Type           Power      Damage    Failure   Level
 Portal Projectile        Hex/Tloc       0%         N/A       100%        3
 Blade Hands              Tmut           0%         N/A       100%        5
 Excruciating Wounds      Necr           0%         N/A       100%        5


Dungeon Overview and Level Annotations

Branches:
Dungeon (5/15)
 Temple: D:4-7

Altars:
Cheibriados
Dithmenos
Fedhas
Ru
Uskayaw

Shops:
D:4 =


Innate Abilities, Weirdness & Mutations

You have a pair of horns on your head.
You reflexively headbutt those who attack you in melee.


Message History

You miss something. Your headbutt misses something.
Something hits you but does no damage.
You miss something. Your headbutt misses something.
You block something's attack.
You completely miss something. Your headbutt misses something.
Something hits you but does no damage.
You hit something.
You feel better.
You hear some strange, mumbled words.
Something tries to affect you, but you resist.
Something hits you but does no damage.
You hit something but do no damage. Your headbutt misses something.
You hear some strange, mumbled words.
Something tries to affect you, but you resist.
You miss something. Something hits you but does no damage.
You closely miss something. Something hits you but does no damage.
You slash something!
Reactivating autopickup.
You feel a bit more experienced.
Things that are here:
a +0 dagger; a +0 robe; a +0 whip
t - a scroll of brand weapon
Found a stone staircase leading up.
Found a buckler.
Found a chain mail and a mace.
An ogre comes into view. It is wielding a +0 giant club.
The ogre shouts!
The ogre moves out of view.
You slash the ogre!
The ogre is heavily wounded.
The ogre hits you with a +0 giant club!
You slash the ogre!
The ogre is severely wounded.
The ogre hits you with a +0 giant club!!
* * * LOW HITPOINT WARNING * * *
You completely miss the ogre.
The ogre is severely wounded.
You hit the ogre.
The ogre is almost dead.
The ogre hits you with a +0 giant club!!
You die...

#..#########
##.........#
#.........#
#..#####..#
#..#?$$#..#
#..#?[!#..#
#..#[!)#..#
#..#####..#
#.@.......#
#......O......$
#.####.####.###
.. ... ... ###
.... .....
.....#


You could see an ogre.

Vanquished Creatures
  An ogre (D:5)
  2 scorpions
  A howler monkey (D:4)
  An orc priest (D:5)
  An iguana (D:5)
  An orc wizard (D:5)
  4 adders
  4 gnolls (D:2)
  A worm (D:2)
  2 dart slugs
  3 orcs
  6 bats
  9 endoplasms
  4 giant cockroaches
  7 goblins
  6 hobgoblins
  3 jackals (D:3)
  5 quokkas
  6 ball pythons
  4 frilled lizards
  7 kobolds
  5 rats
  A bush (D:3)
84 creatures vanquished.

Vanquished Creatures (others)
  21 plants
21 creatures vanquished.

Grand Total: 105 creatures vanquished

Notes
Turn   | Place    | Note
-------+----------+-------------------------------------------
     0 | D:1      | Peloso the Minotaur Fighter began the quest for the Orb.
     0 | D:1      | Reached XP level 1. HP: 19/19 MP: 0/0
   520 | D:1      | Reached XP level 2. HP: 27/27 MP: 1/1
  1072 | D:2      | Reached XP level 3. HP: 28/34 MP: 2/2
  1388 | D:2      | Reached XP level 4. HP: 41/41 MP: 3/3
  1719 | D:2      | Found a snail-covered altar of Cheibriados.
  2053 | D:3      | Found a sacrificial altar of Ru.
  2577 | D:3      | Found a faded altar of an unknown god.
  2961 | D:3      | Found a blossoming altar of Fedhas.
  2961 | D:3      | Found a shadowy altar of Dithmenos.
  2963 | D:3      | Found a hide-covered altar of Uskayaw.
  3190 | D:4      | Noticed a scorpion
  3197 | D:4      | Killed a scorpion
  3198 | D:4      | Reached XP level 5. HP: 40/47 MP: 4/4
  3253 | D:4      | Reached skill level 1 in Dodging
  3314 | D:4      | Reached skill level 5 in Armour
  3422 | D:4      | Found Ranoeza's Jewellery Boutique.
  3560 | D:4      | Identified the +0 robe "Zummeuf" {+Inv rF+}
  3835 | D:5      | Entered Level 5 of the Dungeon
  3854 | D:5      | Reached skill level 5 in Fighting
  3854 | D:5      | Reached skill level 5 in Long Blades
  3854 | D:5      | Reached XP level 6. HP: 56/56 MP: 5/5
  4241 | D:5      | Mangled by an ogre

Illustrated notes

Levels and vault maps discovered:
D:1:      dpeg_arrival_morbid_curiosity, layout_loops_ring
D:2:      layout_loops_cross, basic_altar, kennysheep_nub, nicolae_grassy_gnolls
D:3:      layout_loops_ring, nicolae_ru_sacrificial_ziggurat,
          gammafunk_temple_overflow_claw, hellmonk_ecumenical_altar_zigzags,
          serial_forest, infiniplex_forest_straight_1,
          infiniplex_forest_straight_5, infiniplex_forest_clump_small,
          infiniplex_forest_clump_C, infiniplex_forest_lined_room_3,
          infiniplex_forest_straight_2, infiniplex_forest_lined_3,
          infiniplex_forest_straight_3
D:4:      layout_loops_cross, serial_shops, nicolae_lakefront_shop,
          serial_glass, glass_columns_a, glass_columns_c, glass_columns_b,
          glass_columns_b, glass_columns_a, glass_columns_a, due_unseen_surprise
D:5:      wad_pebble_path, layout_loops_cross, temple_hall, due_unseen_surprise,
          uniq_blork_the_orc, uniq_crazy_yiuf_cottage

Skill      XL: |  1  2  3  4  5 |
---------------+----------------+-----
Fighting       | 4 5 |  5.2
Shields        | 4 |  4.7
Long Blades    | 3 4 5 |  5.9
Armour         | 4 5 |  5.7
Dodging        | 1 |  1.1
Stealth        | |  0.1

Action                   |  1- 3 |  4- 6 || total
-------------------------+-------+-------++-------
Melee: Long sword        |    70 |   186 ||   256
       Headbutt          |    12 |    30 ||    42
  Use: Scroll            |       |     6 ||     6
Armor: Scale mail        |    31 |    33 ||    64
       Plate armour      |       |    47 ||    47
Dodge: Dodged            |    38 |    36 ||    74
Block: Buckler           |    16 |    32 ||    48
